 Dungeon Crawl Stone Soup version 0.28.0-45-g0d030f2227 (webtiles) character file.

Game seed: 13874902205060100544

23 Bruhh the Magician (level 3, -2/30 HPs)
             Began as a Djinni Cinder Acolyte on Apr 24, 2022.
             Was a High Priest of Ignis.
             Slain by a hound (4 damage)
             ... on level 2 of the Dungeon.
             The game lasted 00:01:41 (1859 turns).

Bruhh the Magician (Djinni Cinder Acolyte)          Turns: 1859, Time: 00:01:42

Health: -2/30      AC:  2    Str: 13    XL:     3   Next: 10%
Gold:   55         EV: 11    Int: 17    God:    Ignis [*****.] SH:  0 Dex:  8

rFire   + + +      SeeInvis .   a - -1 falchion (flame)
rCold   x . .      Faith    .   (no shield)
rNeg    . . .      Spirit   .   b - +0 robe
rPois   ∞          Reflect  .   (no helmet)
rElec   .          Harm     .   (no cloak)
rCorr   .          Rampage  .   (no gloves)
Will    .....                   (boots unavailable)
Stlth   +.........              (no amulet)
HPRegen 0.10/turn               (no ring)
MPRegen 0.00/turn               (no ring)

@: flying, very slightly contaminated
A: sickness immunity, fire resistance 2, cold vulnerability 1, float, innate
caster, HP casting, extra vitality 1
a: Renounce Religion, Fiery Armour, Foxfire Swarm, Rising Flame


You were on level 2 of the Dungeon.
You worshipped Ignis.
Ignis was extremely pleased with you.
You visited 1 branch of the dungeon, and saw 2 of its levels.

You collected 55 gold pieces.

Inventory:

Hand Weapons
 a - a -1 falchion of flaming (weapon)
Armour
 b - a +0 robe (worn)
Magical Staves
 h - a staff of earth
Scrolls
 c - a scroll of identify {unknown}
 d - 2 scrolls of enchant armour {unknown}
 e - a scroll of vulnerability {unknown}
 f - a scroll of fog {unknown}
 g - a scroll of blinking {unknown}
 k - 2 scrolls of teleportation {unknown}
Potions
 i - 2 potions of haste {unknown}
 j - a potion of berserk rage {unknown}


   Skills:
 - Level 3.0 Fighting
 - Level 2.6 Long Blades
 + Level 3.2 Spellcasting


You had 5 spell levels left.
You knew the following spells:

 Your Spells              Type           Power      Damage    Failure   Level
a - Scorch                Fire           26%        2d6       7%          2
b - Shock                 Conj/Air       52%        1d6       4%          1
Your spell library was empty.

Dungeon Overview and Level Annotations

Branches:
Dungeon (2/15)

Altars:

Annotations:
D:2 Terence


Innate Abilities, Weirdness & Mutations

You are immune to sickness and miasma.
You are immune to poison.
Your flesh is very heat resistant. (rF++)
You are vulnerable to cold. (rC-)
You float through the air rather than walking.
You learn spells naturally, not from books.
Your magical power is your life essence.
You have superior vitality. (+4 MHP)


Message History

You are very lightly contaminated with residual magic.
Nothing appears to happen.
A ball python comes into view.
The hound closely misses you.
Flames lash the ball python.
You kill the ball python!
The hound barely misses you.
You miss the hound. The hound bites you. The hound barely misses you.
Flames lash the hound.
The hound is heavily wounded.
The hound's fire resistance burns away.
The hound barely misses you. The worm barely misses you.
Flames lash the worm.
The worm is heavily wounded.
The worm's fire resistance burns away.
The hound barely misses you. The hound bites you.
You are too injured to fight recklessly!
You are too injured to fight recklessly!
You are too injured to fight recklessly!
Casting: Scorch (safe; 7% risk of failure)
Confirm with . or Enter, or press ? or * to list all spells.
You miscast Scorch.
Nothing appears to happen.
The hound bites you.
* * * LOW HITPOINT WARNING * * *
The hound bites you but does no damage.
Unknown command.
Casting: Scorch (safe; 7% risk of failure)
Confirm with . or Enter, or press ? or * to list all spells.
Flames lash the hound.
The hound is burned terribly!
The hound is almost dead.
* * * LOW HITPOINT WARNING * * *
The hound bites you.
* * * LOW HITPOINT WARNING * * *
The hound bites you but does no damage.
The worm is no longer more vulnerable to fire.
The hound barely misses you.
You see here a bat corpse.
The hound closely misses you.
The hound is no longer more vulnerable to fire.
The hound bites you.
You die...

## # # ##. ##. .##
#..##..# #..#
#.@##..## #..#
##.h##... #..#
##..##..##..#
##.w##...$#
##.†##..# #
##....##.#
#########
##..###.###
......... #####
###.......#
#..#####
#...####.##..#.#.##


You could see a worm and a hound.

Vanquished Creatures
  2 dart slugs
  An orc (D:2)
  An endoplasm (D:2)
  4 goblins
  A quokka (D:2)
  A ball python (D:2)
  2 bats (D:2)
  2 frilled lizards (D:2)
  A kobold (D:2)
  3 rats (D:1)
18 creatures vanquished.

Notes
Turn   | Place    | Note
-------+----------+-------------------------------------------
     0 | D:1      | Bruhh the Djinni Cinder Acolyte began the quest for the
                  | Orb.
     0 | D:1      | Reached XP level 1. HP: 20/20 MP: 0/0
   220 | D:1      | Reached XP level 2. HP: 19/25 MP: 0/0
   693 | D:1      | Found a faded altar of an unknown god.
  1042 | D:2      | Noticed Terence
  1685 | D:2      | Reached XP level 3. HP: 25/30 MP: 0/0
  1685 | D:2      | Learned a level 1 spell: Shock
  1853 | D:2      | HP: 1/30 [hound (5)]
  1859 | D:2      | Slain by a hound

Illustrated notes

Levels and vault maps discovered:
D:1:      minmay_arrival_diagonal_passages, layout_rooms,
          shapermc_ecumenical_altar_mp_ritualfount, nrook_campfire
D:2:      minmay_alternating_diamond, layout_loops_corners, basic_altar,
          serial_shops, nicolae_shop_waterfront, moated_statue,
          minmay_fractal_squares_5, uniq_terence

Skill      XL: |  1  2 |
---------------+-------+-----
Spellcasting   | 3 |  3.2
Fighting       | |  3.0
Long Blades    | |  2.6

Action                   || total
-------------------------++-------
Melee: Falchion          ||    13
 Cast: Scorch            ||    21
Armor: Robe              ||     4
Dodge: Dodged            ||    20
